 Dungeon Crawl Stone Soup version 0.18.1-8-gdd0e5ea (webtiles) character file.

12800 epen the Transmogrifier (level 11, -3/87 HPs)
             Began as a Merfolk Transmuter on May 21, 2016.
             Was a Follower of Ru.
             Slain by a six-headed hydra (15 damage)
             ... on level 1 of the Lair of Beasts.
             The game lasted 00:32:26 (16068 turns).

epen the Transmogrifier (Merfolk Transmuter)       Turns: 16068, Time: 00:32:27

Health: -3/87      AC:  6    Str: 10    XL:     11   Next: 99%
Magic:  21/21      EV: 22    Int: 17    God:    Ru [*.....]
Gold:   577        SH:  0    Dex: 23    Spells: 4 memorised, 9 levels left

rFire  + + .     SeeInvis .     Q - +0 scimitar (flame)
rCold  . . .     Gourm    .     Z - +2 robe {rF+}
rNeg   . . .     Faith    .     (no shield)
rPois  .         Spirit   .     J - +0 helmet
rElec  .         Dismiss  .     Y - +0 cloak {rF+}
rCorr  .         Reflect  .     (no gloves)
SustAt .         Harm     .     (no boots)
MR     .....                    (no amulet)
Stlth  ++........               f - +4 ring of dexterity
                                W - +5 ring of dexterity

@: repel missiles, not resistant to hostile enchantments, unstealthy
A: change form in water, swift swim, hated by all
a: Renounce Religion


You were on level 1 of the Lair of Beasts.
You worshipped Ru.
Ru was aware of your devotion.
You were very hungry.

You visited 3 branches of the dungeon, and saw 13 of its levels.
You also visited: Sewer and Volcano.

You collected 635 gold pieces.
You spent 33 gold pieces at shops.

Inventory:

Hand Weapons
 m - a +3 dagger of venom
 Q - a +0 scimitar of flaming (weapon)
Missiles
 a - 167 arrows
 U - 2 throwing nets (quivered)
Armour
 F - a +2 robe of the Archmagi
 J - a +0 helmet (worn)
 X - a +0 buckler
 Y - a +0 cloak of fire resistance (worn)
 Z - a +2 robe of fire resistance (worn)
Magical Staves
 V - an uncursed staff of wizardry
Jewellery
 f - a +4 ring of dexterity (right hand)
 n - an uncursed ring of fire
 s - an uncursed ring of protection from magic
 w - a +1 ring of evasion
 W - a +5 ring of dexterity (left hand)
Wands
 v - a wand of slowing (17/48)
 y - a wand of digging (9/24)
 z - a wand of lightning (8/15)
 B - a wand of flame (22/48)
 D - a wand of disintegration (19/24)
 E - a wand of acid (11/15)
 M - a wand of lightning (6/15)
 R - a wand of lightning (10/15)
Scrolls
 b - 2 scrolls of remove curse
 e - 2 scrolls of enchant armour
 j - 2 scrolls of immolation
 l - 5 scrolls of magic mapping
 o - 2 scrolls of recharging
 x - 4 scrolls of amnesia
 C - a scroll of fear
 T - 2 scrolls of identify
Potions
 g - 2 potions of brilliance {unknown}
 h - 2 potions of cancellation
 k - 2 potions of lignification
 p - 4 potions of curing
 t - a potion of resistance {unknown}
 A - 6 potions of berserk rage
 G - a potion of cure mutation {unknown}
 I - a potion of heal wounds
 K - a potion of haste {unknown}
 L - a potion of flight
 N - 4 potions of agility {unknown}
 O - a potion of mutation {unknown}
Books
 c - a book of Changes

   Spells                             Type                      Level
   a - Beastly Appendage              Transmutation                1
   b - Sticks to Snakes               Transmutation                2
   c - Spider Form                    Transmutation/Poison         3
   d - Ice Form                       Ice/Transmutation            4
   e - Blade Hands                    Transmutation                5
 S - the Almanac of Assistive Fire
   (You found it on level 1 of the Lair of Beasts)

   Spells                             Type                      Level
   a - Flame Tongue                   Conjuration/Fire             1
   b - Song of Slaying                Charms                       2
   c - Repel Missiles                 Charms/Air                   2
   d - Ignite Poison                  Fire/Transmutation/Poison    3
   e - Warp Weapon                    Charms/Translocation         5
   f - Delayed Fireball               Conjuration/Fire             7
Comestibles
 d - 8 bread rations
 r - 6 meat rations
 u - 6 beef jerkies
 H - 3 fruits
 P - 6 slices of pizza


   Skills:
 + Level 8.3 Fighting
 + Level 9.5 Dodging
 * Level 11.2 Unarmed Combat
 + Level 6.9 Spellcasting
 * Level 13.0 Transmutations


You had 9 spell levels left.
You knew the following spells:

 Your Spells              Type           Power        Failure   Level  Hunger
a - Repel Missiles        Chrm/Air       #.....       21%         2    None
c - Spider Form           Trmt/Pois      ####......   2%          3    ##.....
d - Blade Hands           Trmt           ######....   1%          5    #####..
e - Ice Form              Ice/Trmt       ####....     10%         4    ####...


Dungeon Overview and Level Annotations

Branches:
Dungeon (11/15)            Temple (1/1) D:6            Lair (1/8) D:10
    Orc (0/2) D:10

Altars:
Ashenzari
Cheibriados
Dithmenos
Elyvilon
Fedhas
Gozag
Kikubaaqudgha
Makhleb
Nemelex Xobeh
Okawaru
Pakellas
Ru
Sif Muna
Vehumet
Xom
Yredelemnul
Zin
The Shining One

Shops:
D:4 !

Annotations:
D:10 Erolcha


Innate Abilities, Weirdness & Mutations

You revert to your normal form in water.
You are very nimble and swift while swimming.
You are hated by all.


Message History

The six-headed hydra is heavily wounded.
The six-headed hydra barely misses you. The six-headed hydra bites you! x2
The six-headed hydra barely misses you. The six-headed hydra misses you. x2
The six-headed hydra completely misses you. x2
The six-headed hydra closely misses you.
The six-headed hydra bites you! The six-headed hydra bites you. x2
* * * LOW HITPOINT WARNING * * *
Read which item? (? for menu, Esc to quit)
Okay, then.
You float gracefully downwards.
The six-headed hydra barely misses you.
The six-headed hydra completely misses you.
The six-headed hydra bites you.
* * * LOW HITPOINT WARNING * * *
The six-headed hydra bites you.
* * * LOW HITPOINT WARNING * * *
The six-headed hydra bites you!
* * * LOW HITPOINT WARNING * * *
The six-headed hydra bites you!
You die...

## ##.# #...##
##....## ##......#
.. #.....@## ..#
##....D.## ## ...
#.......### #.##..
######....###
####....
#P.......###.......
##...............§.
#.............#...§
##................≈
#...............§.


You could see a six-headed hydra.

Vanquished Creatures
  Harold (D:10)
  An ogre mage (D:9)
  Erica (D:8)
  An unseen horror (D:10)
  2 hill giants
  A gargoyle (Volcano)
  Psyche (D:8)
  A molten gargoyle (Volcano)
  A troll (D:11)
  The ghost of zeroDi the Sneak, a novice VSAs (D:5)
  Prince Ribbit (D:7)
  11 yaks
  A human (D:7)
  A fire elemental (Volcano)
  2 hungry ghosts (D:10)
  2 hippogriffs (D:8)
  2 hogs (D:7)
  Grum (D:8)
  A naga (D:9)
  Purgy (Sewer)
  A water moccasin (D:10)
  3 orc warriors
  Duvessa (D:5)
  2 phantoms (D:8)
  3 ice beasts
  3 wolves (D:8)
  6 centaurs
  5 ogres
  A crocodile (Lair:1)
  4 big kobolds
  The ghost of zeroDi the Sneak, an amateur VSAs (D:3)
  4 giant frogs
  A wyvern zombie (D:9)
  2 scorpions
  Dowan (D:5)
  11 killer bees
  3 howler monkeys
  5 wights (D:10)
  3 electric eels (D:8)
  5 crimson imps
  2 centaur zombies
  A jelly (D:5)
  2 giant frog zombies
  7 orc priests
  A giant frog skeleton (D:8)
  4 hounds
  13 orc wizards
  2 iguanas
  Terence (D:3)
  8 worker ants
  A sheep (D:7)
  A hound zombie (D:10)
  A hound skeleton (D:7)
  20 adders
  10 gnolls
  An adder skeleton (D:5)
  5 worms
  4 dart slugs
  7 giant geckos
  51 orcs
  16 bats
  5 giant cockroaches
  6 goblins
  8 hobgoblins
  19 jackals
  3 quokkas
  2 ball pythons
  A giant gecko skeleton (D:5)
  2 giant newts
  A jackal zombie (D:9)
  27 kobolds
  A quokka zombie (D:7)
  10 rats
342 creatures vanquished.

Vanquished Creatures (collateral kills)
  A troll (D:7)
  An ogre (D:4)
  3 killer bees (D:7)
  An orc (D:3)
6 creatures vanquished.

Vanquished Creatures (others)
  A water moccasin (D:9)
  An orc priest (D:11)
  An orc (D:9)
  A kobold (D:10)
  2 plants (D:10)
  A withered plant (D:5)
7 creatures vanquished.

Grand Total: 355 creatures vanquished

Notes
Turn   | Place    | Note
--------------------------------------------------------------
     0 | D:1      | epen the Merfolk Transmuter began the quest for the Orb.
     0 | D:1      | Reached XP level 1. HP: 15/15 MP: 3/3
    43 | D:1      | Reached skill level 3 in Transmutations
    68 | D:1      | You fall through a shaft!
   136 | D:2      | Reached XP level 2. HP: 16/21 MP: 5/5
   480 | D:2      | Learned a level 2 spell: Sticks to Snakes
   499 | D:2      | Found a deep blue altar of Sif Muna.
   562 | D:1      | Reached XP level 3. HP: 26/26 MP: 6/6
   570 | D:1      | Learned a level 3 spell: Spider Form
  1590 | D:2      | Reached XP level 4. HP: 25/33 MP: 0/7
  1706 | D:2      | Found an opulent altar of Gozag.
  1708 | D:2      | Found a shadowy altar of Dithmenos.
  2119 | D:2      | Found a glowing silver altar of Zin.
  2604 | D:3      | Noticed zeroDi's ghost (amateur VSAs)
  2618 | D:3      | Killed zeroDi's ghost
  2618 | D:3      | Reached skill level 4 in Transmutations
  2618 | D:3      | Reached XP level 5. HP: 40/40 MP: 4/8
  2721 | D:3      | Noticed Terence
  2730 | D:3      | Killed Terence
  3448 | D:3      | Reached XP level 6. HP: 39/47 MP: 8/10
  3797 | D:3      | Reached skill level 5 in Transmutations
  3864 | D:3      | Found a faded altar to an unknown god.
  4441 | D:4      | Found a glowing drain.
  4445 | Sewer    | Entered a sewer
  4470 | Sewer    | Noticed Purgy
  4488 | Sewer    | Killed Purgy
  4488 | Sewer    | Reached skill level 5 in Unarmed Combat
  4488 | Sewer    | Reached XP level 7. HP: 37/53 MP: 7/11
  4495 | Sewer    | Learned a level 5 spell: Blade Hands
  4605 | D:4      | Reached skill level 6 in Transmutations
  4857 | D:4      | Reached XP level 8. HP: 20/60 MP: 9/13
  5106 | D:4      | Reached skill level 5 in Dodging
  5144 | D:4      | Found an oddly glowing altar of Pakellas.
  5214 | D:4      | Found Sogyutos's Distillery.
  5223 | D:4      | Bought a potion of curing for 33 gold pieces
  5367 | D:5      | Entered Level 5 of the Dungeon
  5820 | D:5      | Reached skill level 7 in Transmutations
  6893 | D:5      | Found a blossoming altar of Fedhas.
  6895 | D:5      | Found an ancient bone altar of Kikubaaqudgha.
  6926 | D:5      | Noticed zeroDi's ghost (novice VSAs)
  6940 | D:5      | Killed zeroDi's ghost
  6940 | D:5      | Reached skill level 5 in Fighting
  7003 | D:5      | Reached skill level 8 in Transmutations
  7188 | D:5      | Noticed Dowan
  7189 | D:5      | Noticed Duvessa
  7200 | D:5      | Killed Dowan
  7200 | D:5      | Reached XP level 9. HP: 49/68 MP: 10/15
  7208 | D:5      | Killed Duvessa
  7994 | D:6      | Found a staircase to the Ecumenical Temple.
  8020 | Temple   | Entered the Ecumenical Temple
  8062 | Temple   | Became a worshipper of Ru the Awakened
  8315 | D:6      | Found a radiant altar of Vehumet.
  8631 | D:7      | Noticed Prince Ribbit
  8694 | D:7      | Killed Prince Ribbit
  9105 | D:7      | Reached skill level 9 in Transmutations
  9132 | D:7      | Learned a level 4 spell: Ice Form
  9390 | D:7      | Reached skill level 5 in Spellcasting
  9505 | D:7      | Reached XP level 10. HP: 61/76 MP: 11/17
 10517 | D:8      | Reached skill level 10 in Transmutations
 10526 | D:8      | Gained mutation: You are hated by all. [Ru sacrifice]
 10526 | D:8      | Reached * piety under Ru
 10546 | D:8      | Noticed Psyche
 10555 | D:8      | Killed Psyche
 10689 | D:8      | Noticed Erica
 10706 | D:8      | Killed Erica
 11491 | D:8      | Noticed Grum
 11503 | D:8      | Killed Grum
 12351 | D:8      | Reached skill level 11 in Transmutations
 12625 | D:9      | Drew Focus: Int increased to 17, Str decreased to 10
 12633 | D:9      | Noticed Eclaxaoh
 12641 | D:9      | Killed Eclaxaoh the ogre mage
 12840 | D:9      | Reached skill level 10 in Unarmed Combat
 12926 | D:9      | Reached XP level 11. HP: 35/84 MP: 15/19
 13209 | D:9      | Found a snail-covered altar of Cheibriados.
 13210 | D:9      | Found a sparkling altar of Nemelex Xobeh.
 13997 | D:9      | Found an iron altar of Okawaru.
 14074 | D:10     | Entered Level 10 of the Dungeon
 14105 | D:10     | Noticed a hill giant
 14114 | D:10     | Killed a hill giant
 14114 | D:10     | Reached skill level 12 in Transmutations
 14270 | D:10     | Noticed Harold
 14279 | D:10     | Killed Harold
 14673 | D:10     | Found a staircase to the Orcish Mines.
 14752 | D:10     | Killed an unseen horror
 14764 | D:10     | Found a staircase to the Lair.
 15094 | D:10     | Noticed Erolcha
 15613 | D:11     | Noticed a hill giant
 15620 | D:11     | Killed a hill giant
 15711 | D:11     | Noticed a five-headed hydra
 15807 | Lair:1   | Entered Level 1 of the Lair of Beasts
 15807 | Lair:1   | Noticed a five-headed hydra
 15811 | Lair:1   | Identified the Almanac of Assistive Fire (You found it on level 1 of the Lair of Beasts)
 15824 | Lair:1   | Found a dark tunnel.
 15836 | Volcano  | Entered a volcano
 15872 | Volcano  | Learned a level 2 spell: Repel Missiles
 16050 | Lair:1   | Reached skill level 13 in Transmutations
 16068 | Lair:1   | Slain by a six-headed hydra

Skill      XL: |  1  2  3  4  5  6  7  8  9 10 11 |
---------------+----------------------------------+-----
Transmutations | 3 4 5 6 8 9 11 13 | 13.0
Dodging        | 3 4 5 7 8 9 |  9.5
Fighting       | 2 3 4 5 6 7 8 |  8.3
Unarmed Combat | 4 5 7 8 10 11 | 11.2
Spellcasting   | 3 4 5 6 |  6.9

Action                   |  1- 3 |  4- 6 |  7- 9 | 10-12 || total
-------------------------+-------+-------+-------+-------++-------
Melee: Unarmed           |   158 |    65 |   165 |   398 ||   786
       Headbutt          |     4 |     2 |       |       ||     6
       Punch             |     2 |     3 |     3 |    17 ||    25
       Dagger            |       |   160 |   120 |    91 ||   371
       Scimitar          |       |       |       |     1 ||     1
Throw: Throwing net      |       |       |       |     2 ||     2
 Cast: Beastly Appendage |     2 |     2 |       |       ||     4
       Spider Form       |     1 |     6 |     9 |       ||    16
       Sticks to Snakes  |       |     5 |    11 |     4 ||    20
       Blade Hands       |       |       |     9 |    55 ||    64
       Repel Missiles    |       |       |       |     1 ||     1
Invok: Sacrifice Love    |       |       |       |     1 ||     1
       Reject Sacrifices |       |       |       |     1 ||     1
Evoke: Deck              |       |       |       |     6 ||     6
  Use: Scroll            |       |       |     1 |    23 ||    24
       Potion            |       |       |       |     2 ||     2
 Stab: Sleeping          |       |     3 |     2 |     2 ||     7
       Distracted        |       |     1 |     1 |       ||     2
  Eat: Chunk             |     1 |    12 |    16 |    33 ||    62
       Pizza             |       |       |     1 |     1 ||     2
       Royal jelly       |       |       |     1 |       ||     1
       Meat ration       |       |       |       |     1 ||     1
Armor: Robe              |    39 |    36 |    25 |    61 ||   161
       Skin              |       |     3 |       |       ||     3
Dodge: Dodged            |   147 |   203 |   190 |   425 ||   965
